 Dungeon Crawl Stone Soup version 0.21-a0-522-ga8338f0 (webtiles) character file.

54 solxrula the Cudgeler (level 3, 0/37 HPs)
             Began as a Troll Berserker on Dec 6, 2017.
             Was a Follower of Trog.
             Slain by an adder (3 damage)
             ... on level 3 of the Dungeon.
             The game lasted 00:05:12 (1354 turns).

solxrula the Cudgeler (Troll Berserker)             Turns: 1354, Time: 00:05:13

Health: 0/37       AC:  9    Str: 26    XL:     3   Next: 66%
Magic:  2/2        EV: 10    Int:  3    God:    Trog [*.....]
Gold:   112        SH:  0    Dex:  9    Spells: 2/2 levels left

rFire    . . .     SeeInvis .   a - +0 mace
rCold    . . .     Gourm    +   (no shield)
rNeg     . . .     Faith    .   b - +1 animal skin
rPois    .         Spirit   .   (helmet restricted)
rElec    .         Reflect  .   (no cloak)
rCorr    .         Harm     .   (gloves unavailable)
MR       .....                  (boots unavailable)
Stlth    +.........             (no amulet)
HPRegen  0.52/turn              (no ring)
MPRegen  0.08/turn              (no ring)

@: drained
A: large, unfitting armour, claws 3, rugged brown scales 1, slimy green scales
1, fast metabolism 3, gourmand, regeneration 1, shaggy fur 1, tough skin 2
a: Berserk, Burn Spellbooks, Renounce Religion


You were on level 3 of the Dungeon.
You worshipped Trog.
Trog was aware of your devotion.
You were full.

You visited 1 branch of the dungeon, and saw 3 of its levels.

You collected 112 gold pieces.

Inventory:

Hand Weapons
 a - a +0 mace (weapon)
Armour
 b - a +1 animal skin (worn)
Scrolls
 f - a scroll of identify
 g - a scroll of fog {unknown}
 h - 2 scrolls of teleportation {unknown}
 i - a scroll of remove curse
Potions
 d - a potion of heal wounds {unknown}
 e - a potion of curing
Comestibles
 c - 3 bread rations
 j - a fruit


   Skills:
 + Level 2.6(2.4) Fighting
 * Level 3.9(3.7) Maces & Flails
 + Level 2.6(2.5) Dodging


You had 2 spell levels left.
You didn't know any spells.

Dungeon Overview and Level Annotations

Branches:
Dungeon (3/15)

Altars:


Innate Abilities, Weirdness & Mutations

You are too large for most types of armour.
You have claws for hands.
Your metabolism is lightning-fast.
You like to eat raw meat.
Your natural rate of healing is unusually fast.
You are covered in fur. (AC +1)
You have very tough skin. (AC +2)
You are partially covered in rugged brown scales. (AC +1, +3% HP)
You are partially covered in slimy green scales. (AC +2)


Message History

The adder bites you but does no damage. The hobgoblin barely misses you.
The adder bites you but does no damage. The adder barely misses you.
The hobgoblin hits you.
* * * LOW HITPOINT WARNING * * *
* * * LOW HITPOINT WARNING * * *
You feel sick. The adder bites you but does no damage.
The hobgoblin hits you but does no damage.
The adder closely misses you. The hobgoblin barely misses you.
The adder completely misses you.
The hobgoblin hits you but does no damage.
The adder bites you but does no damage. The adder bites you but does no damage.
The hobgoblin hits you but does no damage.
You feel sick.
You are no longer poisoned.
The adder bites you but does no damage. The hobgoblin barely misses you.
The adder bites you but does no damage.
The hobgoblin hits you but does no damage.
The adder bites you.
You die...

#. #.
#.######
###.#....
.......
#....####)#
#.g.......#
#.@.#
#....S.......
#####.#####.#
#.# ..# #.#
#.# #..


You could see an adder and a hobgoblin.

Vanquished Creatures
  2 adders (D:2)
  A worm (D:2)
  A leopard gecko (D:1)
  A giant cockroach (D:1)
  5 goblins
  3 hobgoblins
  9 kobolds
  3 bats
  3 frilled lizards
  6 rats
34 creatures vanquished.

Notes
Turn   | Place    | Note
-------+----------+-------------------------------------------
     0 | D:1      | solxrula the Troll Berserker began the quest for the Orb.
     0 | D:1      | Reached XP level 1. HP: 22/22 MP: 0/0
   212 | D:1      | Reached skill level 3 in Maces & Flails
   251 | D:1      | Reached XP level 2. HP: 29/29 MP: 1/1
   479 | D:1      | Gained mutation: You are partially covered in rugged brown scales. (AC +1, +3% HP) [potion of mutation]
   479 | D:1      | Gained mutation: You are partially covered in slimy green scales. (AC +2) [potion of mutation]
   590 | D:2      | Reached XP level 3. HP: 28/37 MP: 2/2
  1147 | D:2      | Upgraded the game from 0.21-a0-521-g1cd18d1 to 0.21-a0-522-ga8338f0
  1332 | D:3      | HP: 1/37 [hobgoblin (1)]
  1337 | D:3      | HP: 1/37 [poisoned by an adder]
  1348 | D:3      | HP: 1/37 [hobgoblin (2)]
  1354 | D:3      | Slain by an adder

Vault maps used:
D:1:      lightli_arrival_statuegarden
D:3:      uniq_natasha

Skill      XL: |  1 |
---------------+----+-----
Maces & Flails | 3 |  3.9
Fighting       | |  2.6
Dodging        | |  2.6

Action                   || total
-------------------------++-------
Melee: Mace              ||   115
  Use: Scroll            ||     6
       Potion            ||     1
  Eat: Chunk             ||    14
Armor: Animal skin       ||   172
Dodge: Dodged            ||   204

Table legend:
 A = Spawn XP
 B = Non-spawn XP
 C = Spawn XP percentage of total XP
 D = Spawn monster count
 E = Non-spawn monster count
 F = Spawn count percentage of total count
 G = Total turns spent on level
                    A         B        C        D         E        F      G
               +---------+---------+-------+---------+---------+-------+---------
         Total |       0 |      78 |   0.0 |       0 |      34 |   0.0 |  1354
               +---------+---------+-------+---------+---------+-------+---------
           D:1 |       0 |      25 |   0.0 |       0 |      17 |   0.0 |   507
           D:2 |       0 |      53 |   0.0 |       0 |      17 |   0.0 |   658
               +---------+---------+-------+---------+---------+-------+---------
